Map: Data-C

Players

A.I. 1 (Very Easy)

  • Race: Terran Terran
  • Spawn Location: 3:00

Xana - Winner!

  • Race: Zerg Zerg
  • League: Bronze
  • Spawn Location: 9:00

VOD

Have the link to the VOD?

Description

Time

  • Played on: July 29, 2022, 1:37 p.m.
  • Length: 8:17
Show
View Real Time Build Order
Export as new Build Order

A.I. 1 (Very Easy) Terran 

Build Orders: Reaper Expand 

Get SALT Encoding   

  12  0:00  SCV  
  13  0:13  SCV  
  14  0:18  Supply Depot  
  14  0:42  Barracks  
  14  1:03  Command Center  
  14  1:31  Orbital Command, Supply Depot  
  14  1:32  Marine  
  15  1:38  Refinery  
  15  1:51  Refinery  
  15  1:57  SCV  
  16  2:09  SCV  
  16  2:15  SCV  
  18  2:19  Reaper  
  18  2:22  SCV  
  20  2:29  SCV  
  21  2:36  SCV  
  22  2:43  SCV  
  23  2:45  Refinery  
  23  2:51  SCV  
  24  2:58  SCV  
  25  3:00  Marine  
  25  3:05  SCV  
  27  3:12  SCV  
  28  3:15  Factory  
  28  3:36  Refinery  
  28  3:38  SCV  
  29  3:43  Marine  
  29  3:45  SCV  
  31  3:52  SCV  
  31  3:55  Supply Depot  
  32  3:59  SCV  
  32  4:02  Starport  
  33  4:06  SCV  
  34  4:13  SCV  
  35  4:20  SCV  
  36  4:25  Reaper  
  36  4:28  SCV  
  38  4:35  SCV  
  39  4:39  Starport Tech Lab, Supply Depot  
  39  4:42  SCV  
  40  4:49  SCV  
  41  4:57  SCV  
  41  4:59  Raven  
  44  5:04  SCV  
  45  5:07  Marine  
  45  5:11  SCV  
  47  5:18  SCV  
  48  5:42  Raven  
  50  5:49  Marine  
  51  6:31  Barracks Tech Lab  
  51  6:53  Marauder  
  53  6:57  Supply Depot  
  53  7:14  SCV  
  53  7:21  Marine  
  54  7:29  SCV  
  38  7:43  SCV  
  38  7:55  SCV  
  28  8:04  Supply Depot  
Show
View Real Time Build Order
Export as new Build Order

Xana Zerg - Winner!

Build Orders: Hatch First 

Get SALT Encoding   

  12  0:00  Drone  
  13  0:12  Overlord  
  13  0:18  Drone  
  14  0:31  Drone x2  
  16  0:50  Hatchery  
  16  0:53  Drone  
  16  1:01  Drone x2  
  18  1:09  Extractor  
  17  1:18  Spawning Pool  
  16  1:21  Drone  
  16  1:24  Drone  
  18  1:29  Drone  
  19  1:39  Drone  
  20  1:49  Drone  
  21  2:04  Queen x2  
  25  2:09  Metabolic Boost  
  25  2:13  Overlord  
  25  2:19  Zergling x2  
  25  2:21  Zergling x2  
  27  2:37  Drone, Hatchery  
  27  2:48  Overlord  
  27  2:52  Queen  
  29  3:00  Queen  
  31  3:12  Roach Warren  
  30  3:20  Drone x3  
  30  3:21  Drone  
  30  3:24  Drone  
  30  3:27  Drone  
  36  3:32  Drone  
  38  3:34  Drone  
  38  3:35  Drone  
  39  3:43  Drone x3  
  42  3:51  Drone x3  
  45  4:02  Extractor, Drone  
  45  4:06  Extractor  
  45  4:07  Extractor  
  45  4:08  Drone  
  45  4:09  Drone  
  45  4:10  Drone x3  
  45  4:11  Drone  
  45  4:13  Drone  
  50  4:23  Overlord  
  50  4:24  Overlord  
  50  4:42  Drone x3  
  53  4:52  Lair  
  53  4:56  Drone  
  53  4:57  Drone  
  53  4:58  Evolution Chamber x2  
  53  5:08  Overlord x2  
  53  5:12  Roach x2  
  57  5:26  Roach x4  
  57  5:27  Roach  
  57  5:28  Roach x2  
  71  5:29  Roach  
  73  5:39  Overlord x2  
  73  5:40  Overlord x2  
  73  5:41  Overlord  
  73  5:53  Zerg Missile Weapons Level 1  
  73  5:54  Zerg Ground Armor Level 1  
  73  5:57  Queen, Glial Reconstitution  
  75  6:12  Overlord x5  
  75  6:14  Overseer  
  75  6:17  Roach x4  
  83  6:22  Roach x2  
  87  6:29  Roach x3  
  93  6:46  Roach x6  
  93  6:47  Roach  
  106  6:57  Roach  
  106  6:58  Roach x3  
  114  7:06  Roach x3  
  120  7:12  Roach x3  
  126  7:28  Roach  
  126  7:29  Roach x5  
  138  7:39  Overlord x3  
  138  8:02  Overseer  
  138  8:05  Drone  
Tags
 
Add a new tag
Caveats
  • Supply blocks, unpowered buildings, or Contaminate may cause inaccurate times.
  • Supply counts are checked every 10 seconds.